 Dungeon Crawl Stone Soup version 0.29.1-4-g47bece8355 (webtiles) character file.

Game seed: 947738330896364811

279 safid the Shooter (level 6, -12/57 HPs)
             Began as a Minotaur Hunter on Dec 5, 2022.
             Mangled by Pikel
             ... wielding a +0 whip of electrocution
              (15 damage)
             ... on level 4 of the Dungeon.
             The game lasted 00:04:27 (2240 turns).

safid the Shooter (Minotaur Hunter)                 Turns: 2240, Time: 00:04:28

Health: -12/57     AC:  6    Str: 16    XL:     6   Next: 5%
Magic:  5/5        EV: 16    Int:  6    God:
Gold:   177        SH:  0    Dex: 15    Spells: 5/5 levels left

rFire   . . .      SeeInvis .   a - +0 shortbow
rCold   . . .      Faith    .   (shield currently unavailable)
rNeg    . . .      Spirit   .   r - +3 leather armour "Fumiareu" {Rampage}
rPois   .          Reflect  .   (helmet restricted)
rElec   .          Harm     .   (no cloak)
rCorr   .          Rampage  +   (no gloves)
Will    .....                   (no boots)
Stlth   +.........              n - amulet of regeneration
HPRegen 0.99/turn               i - +4 ring of evasion
MPRegen 0.09/turn               (no ring)

@: no status effects
A: horns 2, retaliatory headbutt
a: no special abilities


You were on level 4 of the Dungeon.
You visited 1 branch of the dungeon, and saw 5 of its levels.

You collected 177 gold pieces.

Inventory:

Hand Weapons
 a - a +0 shortbow (weapon)
Armour
 r - the +3 leather armour "Fumiareu" (worn) {Rampage}
   (You found it on level 4 of the Dungeon)

   Rampage:   It bestows one free step when moving towards enemies.
Jewellery
 i - a +4 ring of evasion (left hand)
 n - an amulet of regeneration (around neck)
Scrolls
 b - a scroll of poison {unknown}
 c - a scroll of identify {unknown}
 d - 3 scrolls of teleportation {unknown}
 f - 4 scrolls of enchant weapon {unknown}
 g - a scroll of acquirement {unknown}
 l - a scroll of amnesia {unknown}
 m - a scroll of fear {unknown}
 p - a scroll of vulnerability {unknown}
Potions
 e - 2 potions of curing {unknown}
 h - 2 potions of degeneration {unknown}
 j - a potion of heal wounds {unknown}
 k - 2 potions of brilliance {unknown}
 o - a potion of ambrosia {unknown}


   Skills:
 + Level 5.6 Fighting
 + Level 6.5 Ranged Weapons
 - Level 2.1 Dodging
 - Level 0.7 Stealth


You had 5 spell levels left.
You didn't know any spells.
Your spell library contained the following spells:

 Spells                   Type           Power      Damage    Failure   Level
 Airstrike                Air            0%         2d(0-16)  99%         4
 Olgreb's Toxic Radiance  Pois           0%         N/A       99%         4
 Summon Lightning Spire   Summ/Air       0%         N/A       99%         4
 Lightning Bolt           Conj/Air       0%         1d11      100%        5
 Ozocubu's Refrigeration  Ice            0%         4d7       100%        7
 Ignition                 Fire           0%         3d3       100%        8


Dungeon Overview and Level Annotations

Branches:
Dungeon (5/15)
 Temple: D:4-7

Altars:
Elyvilon
Hepliaklqana
Kikubaaqudgha
Ru
Vehumet
Yredelemnul
Zin

Shops:
D:4 !

Annotations:
D:4 2 transporters, Pikel


Innate Abilities, Weirdness & Mutations

You have a pair of horns on your head.
You reflexively headbutt those who attack you in melee.


Message History

Fire: a) +0 shortbow
Press: ? - help, Q - select action Shift-Dir - straight line, f/p - Pikel
Aim: Pikel, wielding a +0 whip of electrocution and wearing a +0 robe (moderately wounded, 58% to hit)
You shoot an arrow. The arrow closely misses Pikel.
The arrow hits the lemure.
The lemure is lightly wounded.
Pikel hits you with a +0 whip of electrocution.
Pikel barely misses you. You furiously retaliate!
You headbutt Pikel!
Fire: a) +0 shortbow
Press: ? - help, Q - select action Shift-Dir - straight line, f/p - Pikel
Aim: Pikel, wielding a +0 whip of electrocution and wearing a +0 robe (heavily wounded, 58% to hit)
You shoot an arrow. The arrow closely misses Pikel.
The arrow hits the lemure.
The lemure is moderately wounded.
Pikel hits you with a +0 whip of electrocution.
You are electrocuted!
* * * LOW HITPOINT WARNING * * *
Unknown command.
Fire: a) +0 shortbow
Press: ? - help, Q - select action Shift-Dir - straight line, f/p - Pikel
Aim: Pikel, wielding a +0 whip of electrocution and wearing a +0 robe (heavily wounded, 58% to hit)
You shoot an arrow. The arrow hits Pikel.
Pikel is severely wounded.
Pikel misses you. You furiously retaliate!
You headbutt Pikel!
Fire: a) +0 shortbow
Press: ? - help, Q - select action Shift-Dir - straight line, f/p - Pikel
Aim: Pikel, wielding a +0 whip of electrocution and wearing a +0 robe (almost dead, 58% to hit)
You shoot an arrow. The arrow closely misses Pikel.
The arrow closely misses the lemure.
The arrow closely misses the lemure.
Pikel barely misses you.
Fire: a) +0 shortbow
Press: ? - help, Q - select action Shift-Dir - straight line, f/p - Pikel
Aim: Pikel, wielding a +0 whip of electrocution and wearing a +0 robe (almost dead, 58% to hit)
You shoot an arrow. The arrow barely misses Pikel.
The arrow hits the lemure.
The lemure is moderately wounded.
Pikel hits you with a +0 whip of electrocution.
* * * LOW HITPOINT WARNING * * *
Pikel hits you with a +0 whip of electrocution.
* * * LOW HITPOINT WARNING * * *
You are electrocuted!
You die...

#.# #.# #.# ### #.#
#.# #.. ..# #.# #.#
#5# #.# #.# #.# #.#
#.# #.# #.# .#
##.###.# #.# K###
##......# #.. ...
#####....[##########.#
.(............<.@K55.#
#####.....############
##...## ##.## ###


You could see Pikel and 2 lemures.

Vanquished Creatures
  A lemure (D:3)
  A scorpion (D:4)
  2 orc wizards (D:4)
  An iguana (D:4)
  3 gnolls (D:2)
  5 adders
  A worm (D:2)
  3 dart slugs
  4 orcs (D:4)
  3 endoplasms
  3 giant cockroaches (D:1)
  5 goblins
  6 hobgoblins
  3 quokkas
  10 ball pythons
  6 bats
  3 frilled lizards (D:2)
  4 kobolds
  A rat (D:1)
65 creatures vanquished.

Vanquished Creatures (others)
  6 plants (D:4)
6 creatures vanquished.

Grand Total: 71 creatures vanquished

Notes
Turn   | Place    | Note
-------+----------+-------------------------------------------
     0 | D:1      | safid the Minotaur Hunter began the quest for the Orb.
     0 | D:1      | Reached XP level 1. HP: 18/18 MP: 0/0
   149 | D:1      | Reached XP level 2. HP: 26/26 MP: 1/1
   251 | D:1      | Found a faded altar of an unknown god.
   456 | D:1      | Reached skill level 5 in Ranged Weapons
   456 | D:1      | Reached XP level 3. HP: 31/31 MP: 2/2
  1100 | D:2      | Reached XP level 4. HP: 40/40 MP: 3/3
  1494 | D:3      | Found a glowing silver altar of Zin.
  1494 | D:3      | Found a hazy altar of Hepliaklqana.
  1510 | D:3      | Found a radiant altar of Vehumet.
  1514 | D:3      | Found a sacrificial altar of Ru.
  1515 | D:3      | Found a white marble altar of Elyvilon.
  1516 | D:3      | Found an ancient bone altar of Kikubaaqudgha.
  1516 | D:3      | Found a basalt altar of Yredelemnul.
  1631 | D:3      | You fall into a shaft and drop 2 floors!
  1631 | D:5      | Entered Level 5 of the Dungeon
  1662 | D:4      | Noticed a scorpion
  1671 | D:4      | Killed a scorpion
  1672 | D:4      | Reached skill level 5 in Fighting
  1672 | D:4      | Reached skill level 6 in Ranged Weapons
  1672 | D:4      | Reached XP level 5. HP: 30/48 MP: 4/4
  1780 | D:4      | Found a transporter.
  1790 | D:4      | Found a transporter.
  1850 | D:4      | Noticed a lemure
  1851 | D:4      | Noticed a lemure
  1851 | D:4      | Noticed a lemure
  1851 | D:4      | Noticed Pikel
  1907 | D:4      | Noticed a lemure
  1932 | D:4      | Found Ceaf's Distillery.
  1950 | D:3      | Killed a lemure
  2136 | D:4      | Reached XP level 6. HP: 39/57 MP: 5/5
  2194 | D:4      | Identified the +3 leather armour "Fumiareu" {Rampage}
  2240 | D:4      | Mangled by Pikel

Illustrated notes

Levels and vault maps discovered:
D:1:      dpeg_arrival_castle, layout_basic,
          dreamdust_ecumenical_altar_hidden_monk_grotto, moated_statue
D:2:      layout_basic
D:3:      layout_rooms, grunt_temple_overflow_open
D:4:      layout_loops_ring, gammafunk_ghost_gnarly_gnolls, serial_shops, shop,
          uniq_pikel
D:5:      layout_loops_ring, minmay_temple_entry_arrows, uniq_blork_the_orc

Skill      XL: |  1  2  3  4 |
---------------+-------------+-----
Fighting       | 3 4 5 |  5.6
Ranged Weapons | 5 6 |  6.5
Dodging        | |  2.1
Stealth        | |  0.7

Action                   |  1- 3 |  4- 6 || total
-------------------------+-------+-------++-------
 Fire: Shortbow          |    90 |   128 ||   218
Armor: Leather armour    |     1 |     6 ||     7
       Scale mail        |       |    19 ||    19
Dodge: Dodged            |    16 |    52 ||    68
